 Dungeon Crawl Stone Soup version 0.23-a0-252-g069075cd5b (webtiles) character file.

1478 Rrauwl the Basher (level 8, -1/48 HPs)
             Began as a Gargoyle Monk on Sept 29, 2018.
             Was a Believer of Qazlal.
             Slain by a wyvern zombie (6 damage)
             ... in an ossuary.
             The game lasted 00:15:56 (5749 turns).

Rrauwl the Basher (Gargoyle Monk)                   Turns: 5749, Time: 00:15:56

Health: -1/48      AC: 23    Str: 16    XL:     8   Next: 79%
Magic:  8/8        EV:  5    Int: 12    God:    Qazlal [**....]
Gold:   176        SH:  2    Dex: 12    Spells: 7/7 levels left

rFire    . . .     SeeInvis .   a - +0 mace
rCold    . . .     Gourm    .   (no shield)
rNeg     + + .     Faith    .   h - +0 plate armour
rPois    ∞         Spirit   .   b - +0 helmet
rElec    +         Reflect  .   q - +1 cloak
rCorr    .         Harm     .   (no gloves)
MR       .....                  (no boots)
Stlth    ..........             (no amulet)
HPRegen  0.16/turn              k - +4 ring of protection
MPRegen  0.11/turn              g - ring of positive energy

@: no status effects
A: negative energy resistance 1, electricity resistance, unbreathing,
petrification resistance, rot immunity, AC +5
a: Upheaval, Renounce Religion


You were in an ossuary.
You worshipped Qazlal.
Qazlal was pleased with you.
You were not hungry.

You visited 2 branches of the dungeon, and saw 7 of its levels.
You also visited: Ossuary.

You collected 176 gold pieces.

Inventory:

Hand Weapons
 a - a +0 mace (weapon)
Missiles
 f - 105 arrows
Armour
 b - a +0 helmet (worn)
 h - a +0 plate armour (worn)
 q - a +1 cloak (worn)
Jewellery
 g - a ring of positive energy (right hand)
 k - a +4 ring of protection (left hand)
 p - a cursed amulet of inaccuracy {unknown}
Wands
 d - a wand of digging (11)
 l - a wand of polymorph (14)
 r - a wand of random effects (59)
Scrolls
 c - 5 scrolls of remove curse
 i - 3 scrolls of identify
 m - 4 scrolls of enchant armour
 n - a scroll of magic mapping
Potions
 o - a potion of brilliance
Comestibles
 e - 8 rations


   Skills:
 - Level 4.0 Fighting
 + Level 10.2 Maces & Flails
 - Level 2.0 Armour
 - Level 3.0 Dodging
 - Level 3.0 Stealth


You had 7 spell levels left.
You didn't know any spells.
Your spell library was empty.

Dungeon Overview and Level Annotations

Branches:
Dungeon (6/15)             Temple (1/1) D:4

Altars:
Ashenzari
Cheibriados
Dithmenos
Elyvilon
Fedhas
Kikubaaqudgha
Makhleb
Okawaru
Qazlal
Ru
Sif Muna
Trog
Uskayaw
Vehumet
Wu Jian
Xom
Yredelemnul
The Shining One


Innate Abilities, Weirdness & Mutations

You are resistant to torment.
Your stone body is resilient. (AC +5)
You are immune to poison.
You resist negative energy. (rN+)
You are resistant to electric shocks. (rElec)
You can survive without breathing.
You are immune to petrification.
You are immune to rotting.


Message History

You hit the mummy.
The mummy is almost destroyed.
The mummy hits you.
* * * LOW HITPOINT WARNING * * *
You hit the mummy.
You destroy the mummy!
Qazlal accepts your kill.
You hit the wyvern zombie.
The wyvern zombie is moderately damaged.
The wyvern zombie bites you but does no damage.
You hit the wyvern zombie.
The wyvern zombie is moderately damaged.
The wyvern zombie closely misses you.
You sock the wyvern zombie!
The wyvern zombie is heavily damaged.
You block the wyvern zombie's attack.
You hit the wyvern zombie but do no damage.
The wyvern zombie is heavily damaged.
The wyvern zombie bites you.
You die...

#.# #.+
+M# #.+
###.#
.'.+
#####.###
#∩..#.Z@#
#.∩...###
#...#.+
#####.#
..+ '#+#
#. #


You could see a wyvern zombie.

Vanquished Creatures
  A hornet (D:6)
  An ice beast (D:4)
  A phantom (D:5)
  A sky beast (D:5)
  An eye of draining (D:4)
  3 scorpions
  2 hounds
  3 orc priests
  A bullfrog skeleton (D:4)
  An orc wizard (D:5)
  Ijyb (D:3)
  A worker ant (D:5)
  Natasha (thrice) (D:4)
  A killer bee zombie (Ossuary)
  A hound zombie (Ossuary)
  9 mummies
  4 worker ant zombies (Ossuary)
  Robin (D:2)
  5 adders
  2 adder skeletons (D:4)
  2 dart slugs
  4 leopard geckos
  23 orcs
  6 giant cockroaches
  26 goblins
  9 hobgoblins
  14 jackals
  2 quokkas
  2 ball pythons (D:1)
  7 bats
  3 frilled lizards
  A hobgoblin zombie (D:6)
  A jackal skeleton (D:5)
  A jackal zombie (D:6)
  4 kobolds
  2 leopard gecko skeletons
  7 rats
157 creatures vanquished.

Vanquished Creatures (others)
  3 withered plants (Ossuary)
3 creatures vanquished.

Grand Total: 160 creatures vanquished

Notes
Turn   | Place    | Note
-------+----------+-------------------------------------------
     0 | D:1      | Rrauwl the Gargoyle Monk began the quest for the Orb.
     0 | D:1      | Reached XP level 1. HP: 14/14 MP: 1/1
   145 | D:1      | Reached XP level 2. HP: 19/19 MP: 2/2
   556 | D:1      | Reached skill level 1 in Armour
   576 | D:1      | Reached XP level 3. HP: 22/23 MP: 3/3
  1265 | D:2      | Noticed Robin
  1283 | D:2      | Reached XP level 4. HP: 28/29 MP: 4/4
  1638 | D:2      | Killed Robin
  2157 | D:3      | Reached XP level 5. HP: 33/33 MP: 5/5
  2166 | D:3      | Found a white marble altar of Elyvilon.
  2177 | D:3      | Found a deep blue altar of Sif Muna.
  2203 | D:3      | Noticed Ijyb
  2240 | D:3      | Killed Ijyb
  2240 | D:3      | Reached skill level 4 in Maces & Flails
  2973 | D:4      | Noticed Natasha
  2981 | D:4      | Killed Natasha
  3039 | D:4      | Reached skill level 5 in Maces & Flails
  3039 | D:4      | Reached XP level 6. HP: 25/38 MP: 6/6
  3088 | D:4      | Found a bloodstained altar of Trog.
  3089 | D:4      | Noticed an eye of draining
  3112 | D:4      | Killed an eye of draining
  3192 | D:4      | Reached skill level 6 in Maces & Flails
  3416 | D:4      | Noticed Natasha
  3429 | D:4      | Killed Natasha
  3429 | D:4      | Reached XP level 7. HP: 23/43 MP: 7/7
  3516 | D:4      | Found a staircase to the Ecumenical Temple.
  3541 | Temple   | Entered the Ecumenical Temple
  3678 | Temple   | Became a worshipper of Qazlal Stormbringer
  3678 | Temple   | Reached * piety under Qazlal
  3678 | Temple   | Reached ** piety under Qazlal
  3755 | D:4      | Reached skill level 7 in Maces & Flails
  3924 | D:4      | Noticed Natasha
  3932 | D:4      | Killed Natasha
  4060 | D:5      | Entered Level 5 of the Dungeon
  4226 | D:5      | Reached skill level 8 in Maces & Flails
  4275 | D:5      | Reached XP level 8. HP: 22/48 MP: 8/8
  5370 | D:6      | Reached skill level 9 in Maces & Flails
  5383 | D:6      | Noticed a hornet
  5407 | D:6      | Killed a hornet
  5530 | D:6      | Found a sand-covered staircase.
  5547 | Ossuary  | Entered an ossuary
  5669 | Ossuary  | Reached skill level 10 in Maces & Flails
  5749 | Ossuary  | Slain by a wyvern zombie

Vault maps used:
D:1:      nicolae_arrival_washed_ashore
D:2:      first_ration, minmay_misc_feat_x, uniq_robin
D:3:      amethyst_overflow_temple_binary, uniq_ijyb
D:4:      trog_eyes_of_draining, temple_green, uniq_natasha
D:6:      grunt_gozag_breadcrumbs, nicolae_ossuary_entry_giza
Temple:   regret_index_temple_waves
Ossuary:  ossuary_zaba_flooded

Skill      XL: |  1  2  3  4  5  6  7  8 |
---------------+-------------------------+-----
Armour         | 1 2 |  2.0
Stealth        | 3 |  3.0
Fighting       | 4 |  4.0
Dodging        | 3 |  3.0
Maces & Flails | 5 6 8 10 | 10.2

Action                   |  1- 3 |  4- 6 |  7- 9 || total
-------------------------+-------+-------+-------++-------
Melee: Mace              |   159 |   377 |   348 ||   884
Invok: Upheaval          |       |       |     4 ||     4
Evoke: Wand              |       |       |     4 ||     4
  Use: Potion            |       |     3 |     2 ||     5
       Scroll            |       |     8 |     2 ||    10
 Stab: Sleeping          |     1 |       |       ||     1
  Eat: Chunk             |     1 |     5 |     6 ||    12
       Ration            |       |     1 |     1 ||     2
Armor: Plate armour      |   186 |   352 |   213 ||   751
Dodge: Dodged            |    59 |   108 |    63 ||   230
Block: Other             |       |       |    18 ||    18

Table legend:
 A = Non-vault XP
 B = Vault XP
 C = Vault XP percentage of total XP
 D = Non-vault monster count
 E = Vault monster count
 F = Vault count percentage of total count
                 A         B        C        D         E       F
            +---------+---------+-------+---------+---------+-------
      Total |    1558 |     554 |  26.2 |     123 |      34 |  21.7
            +---------+---------+-------+---------+---------+-------
        D:1 |      50 |       0 |   0.0 |      28 |       0 |   0.0
        D:2 |      57 |      38 |  40.0 |      19 |      13 |  40.6
        D:3 |      63 |      38 |  37.6 |      25 |       1 |   3.8
        D:4 |     527 |     161 |  23.4 |      33 |       4 |  10.8
        D:5 |     493 |       0 |   0.0 |      14 |       0 |   0.0
        D:6 |     368 |      19 |   4.9 |       4 |       2 |  33.3
    Ossuary |       0 |     298 | 100.0 |       0 |      14 | 100.0
            +---------+---------+-------+---------+---------+-------
